AoeStats
← xxCamper_2

Socotra

504170956Analyzed
4v4 RM · 27d ago on Sep 4, 2026· 23m 34s· 8 players
Game mode
Random Map
Map size
148×148
Population
200
Speed
Normal
Resources
Standard
Victory
Conquest
Starting age
Dark Age
Ending age
Imperial Age
RankedLock teamsTeams togetherTeam positionsShared explorationLock speedFull tech treeHidden civsTurbo modeCheats
Victory
Defeat
🇸🇰 Koreans · Slovakia
1339
+13
🇮🇳 Ethiopians · India
1296
+15
🇨🇳 Chinese · China
1287
+15
🇴🇲 Teutons · Oman
1268
+15
🇲🇽 Bohemians · Mexico
1279
-15
🇲🇽 Teutons · Mexico
1277
-15
🇺🇸 Romans · United States
1263
-14
🇨🇳 Shu · China
1262
-14
CapitanRexMx
5:13 Loom
6:07 Loom
7:42 Loom
9:54 Feudal Age
12:25 Fletching
19:47 Horse Collar
arky8a
2:55 Loom
4:52 Loom
9:30 Loom
11:48 Feudal Age
17:22 Town Watch
21:49 Castle Age
20:06 Scale Mail Armor
20:17 Forging
20:38 Double-Bit Axe
20:36 Horse Collar
meh
9:20 Feudal Age
7:36 Loom
10:09 Loom
14:07 Castle Age
muui
0:53 Loom
12:06 Feudal Age
14:47 Town Watch
20:32 Castle Age
20:29 Wheelbarrow
19:40 Double-Bit Axe
19:38 Horse Collar
20:45 Crossbowman
21:32 Thumb Ring
21:48 Gold Mining
23:28 Heavy Plow
xxCamper_2
9:05 Loom
11:26 Feudal Age
19:38 Castle Age
20:07 Fletching
21:04 Bodkin Arrow
21:35 Double-Bit Axe
ql7mt
8:22 Loom
10:37 Feudal Age
12:45 Wheelbarrow
13:15 Fletching
snek_fan
2:25 Loom
10:14 Feudal Age
13:22 Fletching
14:08 Padded Archer Armor
21:21 Castle Age
19:37 Stone Mining
巨大的问号
0:39 Loom
9:03 Feudal Age
16:20 Double-Bit Axe
20:09 Castle Age
18:36 Horse Collar
21:01 Scale Barding Armor
22:02 Chain Barding Armor
22:05 Bow Saw
22:19 Bloodlines
23:30 Forging
23:16 Gold Mining
23:56 Husbandry
Connection lost

Rejoining the realm…

Still unreachable

The connection could not be restored.

Session expired

The server has moved on; the page needs a fresh start.